AoeStats
← regular.victor

Arabia

510147285Analyzed
1v1 RM · 3d ago on Sep 29, 2026· 55m 35s· 2 players
Game mode
Random Map
Map size
Tiny (2 player)
Population
200
Speed
Normal
Resources
Standard
Victory
Conquest
Starting age
Dark Age
Ending age
Imperial Age
RankedLock teamsTeams togetherTeam positionsShared explorationLock speedFull tech treeHidden civsTurbo modeCheats
Victory
Defeat
🇦🇷 Franks · Argentina
385
+13
🇷🇴 Japanese · Romania
323
-13
regular.victor
11:13 Feudal Age
14:19 Arson
14:33 Gold Mining
14:35 Stone Mining
16:34 Man-at-Arms
17:19 Double-Bit Axe
23:50 Castle Age
25:29 Gambesons
25:46 Squires
25:36 Horse Collar
25:48 Fletching
26:10 Forging
27:35 Bodkin Arrow
28:16 Iron Casting
27:44 Scale Mail Armor
28:17 Bow Saw
28:58 Pikeman
29:03 Long Swordsman
33:31 Gold Shaft Mining
38:39 Imperial Age
41:16 Chemistry
40:12 Murder Holes
40:56 Parthian Tactics
40:38 Thumb Ring
41:53 Conscription
43:51 Halberdier
45:38 Elite Skirmisher
46:51 Elite Samurai
48:17 Kataparuto
48:46 Ballistics
48:31 Heavy Plow
balduinoIV
10:40 Feudal Age
11:58 Wheelbarrow
11:16 Double-Bit Axe
15:51 Town Watch
18:20 Castle Age
19:44 Husbandry
29:26 Hand Cart
31:46 Scale Barding Armor
31:52 Forging
37:55 Imperial Age
36:35 Chain Barding Armor
36:51 Iron Casting
36:17 Scale Mail Armor
38:07 Cavalier
38:11 Man-at-Arms
38:37 Gambesons
40:06 Plate Barding Armor
40:32 Blast Furnace
39:49 Chain Mail Armor
40:21 Long Swordsman
43:44 Chivalry
46:15 Paladin
48:07 Two-Handed Swordsman
49:37 Champion
Connection lost

Rejoining the realm…

Still unreachable

The connection could not be restored.

Session expired

The server has moved on; the page needs a fresh start.